 Dungeon Crawl Stone Soup version 0.31-a0-1068-g5939ac1fb6 (webtiles) character file.

Game seed: 521095889455236605

217 CrazyBamboolord the Conjurer (level 5, 0/38 HPs)
             Began as a Demonspawn Conjurer on Nov 25, 2023.
             Slain by a quokka (2 damage)
             ... summoned by Eustachio
             ... on level 4 of the Dungeon.
             The game lasted 00:07:40 (4005 turns).

CrazyBamboolord the Conjurer (Demonspawn Conjurer)  Turns: 4005, Time: 00:07:40

Health: 0/38       AC:  6    Str:  7    XL:     5   Next: 62%
Magic:  8/9        EV: 12    Int: 21    God:
Gold:   222        SH:  4    Dex: 12    Spells: 7/10 levels left

rFire   . . .        d - +0 dagger (speed)
rCold   + . .        (no shield)
rNeg    + . .        a - +0 robe
rPois   .            n - +0 helmet
rElec   .            k - +1 cloak
rCorr   .            (no gloves)
SInv    .            o - +0 pair of boots
Will    .....        (no amulet)
Stlth   ++           f - ring of protection from cold
HPRegen 0.26/turn    t - ring of positive energy
MPRegen 0.11/turn

%: no passive effects
@: no status effects
A: hooves 1, powered by death 1, condensation shield
a: no special abilities


You were on level 4 of the Dungeon.
You visited 1 branch of the dungeon, and saw 4 of its levels.

You collected 222 gold pieces.

Inventory:

Hand Weapons
 d - a +0 dagger of speed (weapon)
Armour
 a - a +0 robe (worn)
 k - a +1 cloak (worn)
 n - a +0 helmet (worn)
 o - a +0 pair of boots (worn)
Jewellery
 f - a ring of protection from cold (left hand)
 t - a ring of positive energy (right hand)
Scrolls
 c - a scroll of enchant weapon {unknown}
 e - a scroll of enchant armour
 h - a scroll of revelation {unknown}
 j - a scroll of fog {unknown}
 l - a scroll of immolation {unknown}
 m - 2 scrolls of fear
 p - a scroll of amnesia {unknown}
 q - a scroll of torment {unknown}
 s - a scroll of teleportation {unknown}
Potions
 b - a potion of magic
 g - 2 potions of curing
 i - 2 potions of enlightenment
 r - a potion of haste {unknown}


   Skills:
 + Level 1.7 Fighting
 + Level 2.5 Dodging
 + Level 2.6 Stealth
 * Level 3.2 Spellcasting
 * Level 5.1 Conjurations


You had 7 spell levels left.
You knew the following spells:

 Your Spells              Type           Power      Damage    Failure   Level
a - Magic Dart            Conj           96%        1d7       1%          1
b - Searing Ray           Conj           48%        2d6       2%          2

Your spell library contained the following spells:

 Spells                   Type           Power      Damage    Failure   Level
 Dazzling Flash           Conj/Hex       28%        N/A       14%         3
 Cigotuvi's Dreadful Rot  Necr/Pois/Air  6%         N/A       21%         2
 Ignite Poison            Fire/Tmut/Pois 3%         N/A       36%         3
 Fulminant Prism          Conj/Hex       7%         3d7       41%         4
 Iskenderun's Mystic Bla  Conj/Tloc      14%        2d5       41%         4
 Freezing Cloud           Conj/Ice/Air   5%         6-21      87%         5


Dungeon Overview and Level Annotations

Branches:
Dungeon (4/15)
 Temple: D:4-7

Altars:

Shops:
D:3 :   D:4 =

Annotations:
D:3 1 runed translucent door, Crazy Yiuf
D:4 Eustachio


Innate Abilities, Weirdness & Mutations

You have large cloven feet.
You regenerate a little health from kills.
A meltable shield of frost defends you. (SH +4)


Message History

The quokka barely misses you.
You hit Eustachio.
Eustachio is severely wounded.
The quokka bites you but does no damage.
You barely miss Eustachio.
Eustachio is severely wounded.
Eustachio hits you with a +0 rapier.
* * * LOW HITPOINT WARNING * * *
You hit Eustachio.
Eustachio is severely wounded.
The quokka barely misses you. Eustachio hits you but does no damage.
You hit Eustachio.
Eustachio is severely wounded.
The quokka bites you but does no damage.
The quokka barely misses you. Eustachio hits you with a +0 rapier.
* * * LOW HITPOINT WARNING * * *
You barely miss Eustachio.
Eustachio is severely wounded.
The quokka barely misses you. x2
You completely miss Eustachio.
Eustachio is severely wounded.
Eustachio closely misses you. The quokka bites you.
* * * LOW HITPOINT WARNING * * *
Magic courses through your body.
The quokka bites you but does no damage.
Eustachio hits you but does no damage. The quokka barely misses you.
The quokka bites you.
* * * LOW HITPOINT WARNING * * *
Casting: Magic Dart (safe; 1% risk of failure)
Confirm with . or Enter, or press ? or * to list all spells.
Aiming: Searing Ray (safe; 2% risk of failure)
Press: ? - help, Shift-Dir - straight line, f/p - Eustachio
Aim: Eustachio, wielding a +0 rapier and wearing a +0 leather armour (severely wounded, 71% to hit)
The searing ray hits Eustachio.
Eustachio is almost dead. (Press . to maintain the ray.)
The quokka misses you.
Eustachio casts a spell.
Eustachio blinks!
The quokka bites you.
You die...

................#
......####.....## ....##
###.∩.# .### ##.##
##...## ###.....##
##........#########
#....@...r....#...###
#........@§.........##
#.........r..÷.......##
##..............###...##
#########.....## ##.).##
##...## ###†.## ##..#
##..# #..# #... #..#
##.. ##..# ##.#


You could see Eustachio and 2 quokkas.

Vanquished Creatures
  A phantom (D:3)
  6 adders
  A worm (D:2)
  2 dart slugs (D:3)
  6 orcs
  4 endoplasms
  2 giant cockroaches
  9 goblins
  8 hobgoblins
  2 jackals (D:4)
  6 kobolds
  4 quokkas
  6 ball pythons
  4 bats
  3 frilled lizards
  11 rats
75 creatures vanquished.

Notes
Turn   | Place    | Note
-------+----------+-------------------------------------------
     0 | D:1      | CrazyBamboolord the Demonspawn Conjurer began the quest for
                  | the Orb.
     0 | D:1      | Reached XP level 1. HP: 13/13 MP: 3/3
   200 | D:1      | Gained mutation: You have large cloven feet. [demonic
                  | ancestry]
   200 | D:1      | Reached XP level 2. HP: 20/20 MP: 0/5
   912 | D:1      | Gained mutation: You regenerate a little health from kills.
                  | [demonic ancestry]
   912 | D:1      | Reached XP level 3. HP: 25/25 MP: 3/6
  1170 | D:1      | Found a faded altar of an unknown god.
  1429 | D:2      | Reached skill level 1 in Fighting
  1444 | D:2      | Learned a level 2 spell: Searing Ray
  2005 | D:3      | Noticed a phantom
  2083 | D:3      | Killed a phantom
  2084 | D:3      | Reached XP level 4. HP: 28/32 MP: 0/8
  2171 | D:3      | Gained mutation: A meltable shield of frost defends you.
                  | (SH +4) [demonic ancestry]
  2171 | D:3      | Reached XP level 5. HP: 30/37 MP: 0/9
  2394 | D:3      | Reached skill level 5 in Conjurations
  2688 | D:3      | Found Refach's Book Emporium.
  2830 | D:3      | Found a runed translucent door.
  2831 | D:3      | Noticed Crazy Yiuf
  3842 | D:4      | Found Anniy's Jewellery Boutique.
  3916 | D:4      | Noticed Eustachio
  4005 | D:4      | Slain by a quokka

Illustrated notes

Levels and vault maps discovered:
D:1:      dpeg_arrival_refuge, layout_basic, chequers_ecumenical_altar_island
D:2:      minmay_inner_zag, layout_rooms, wad_floor_pattern_untrapped,
          kennysheep_generic_room_3
D:3:      layout_basic, serial_shops, shop, minmay_diced_spiral,
          uniq_crazy_yiuf_cottage
D:4:      layout_layer_cave, serial_shops, shop, uniq_eustachio

Skill      XL: |  1  2  3  4  5 |
---------------+----------------+-----
Dodging        | 2 |  2.5
Stealth        | 2 |  2.6
Fighting       | 1 |  1.7
Spellcasting   | 3 |  3.2
Conjurations   | 5 |  5.1

Action                     |  1- 3 |  4- 6 || total
---------------------------+-------+-------++-------
  Melee: Club              |    13 |       ||    13
         Kick              |     7 |       ||     7
         Dagger            |    15 |    92 ||   107
         Punch             |       |     1 ||     1
   Cast: Magic Dart        |    72 |    76 ||   148
         Searing Ray       |     2 |     2 ||     4
    Use: Scroll            |     1 |     3 ||     4
         Potion            |       |     1 ||     1
   Stab: Sleeping          |     1 |       ||     1
 Armour: Robe              |    20 |    67 ||    87
  Dodge: Dodged            |    19 |    76 ||    95
  Block: Other             |       |    13 ||    13

Table legend: (Time is in decaauts)
 A = Elapsed time spent in this place.
 B = Non-inter-level travel time spent in this place.
 C = Inter-level travel time spent in this place.
 D = Time resting spent in this place.
 E = Time spent auto-exploring this place.
 F = Levels seen in this place.
 G = Mean time per level.
                   A        B        C        D        E       F      G
               +--------+--------+--------+--------+--------+-----+--------+
         Total |   3981 |   3841 |    140 |     86 |   3241 |   4 |  995.2 |
       Dungeon |   3981 |   3841 |    140 |     86 |   3241 |   4 |  995.2 |
               +--------+--------+--------+--------+--------+-----+--------+

Top non-repeatable levels by time:
     D:3: 1413 daAuts
     D:1: 1257 daAuts
     D:2: 802 daAuts
     D:4: 508 daAuts
